 Dungeon Crawl Stone Soup version 0.31-a0-339-gda1cbd555d (webtiles) character file.

Game seed: 15850479966611001052

97 arthad the Twirler (level 4, -3/39 (41) HPs)
             Began as a Gnoll Wanderer on July 21, 2023.
             Killed by divine providence
             ... invoked by an orc priest
              (14 damage)
             ... on level 3 of the Dungeon.
             The game lasted 00:06:12 (2340 turns).

arthad the Twirler (Gnoll Wanderer)                 Turns: 2340, Time: 00:06:13

HP:   -3/39 (41)    AC:  6    Str: 10    XL:     4   Next: 68%
MP:   8/8           EV: 12    Int: 12    God:
Gold: 83            SH:  0    Dex: 14    Spells: 8/9 levels left

rFire   + . .        a - +3 quarterstaff
rCold   . . .        (shield currently unavailable)
rNeg    . . .        o - +0 robe {rF+}
rPois   .            n - +2 helmet
rElec   .            (no cloak)
rCorr   .            (no gloves)
SInv    .            m - +0 pair of boots
Will    .....        (no amulet)
Stlth   ++           (no ring)
HPRegen 0.26/turn    (no ring)
MPRegen 0.11/turn

%: no passive effects
@: lightly drained
A: fangs 1, strong nose, distributed training
a: no special abilities


You were on level 3 of the Dungeon.
You visited 1 branch of the dungeon, and saw 3 of its levels.

You collected 171 gold pieces.
You spent 88 gold pieces at shops.

Inventory:

Hand Weapons
 a - a +3 quarterstaff (weapon)
Missiles
 i - 2 poisoned darts
Armour
 c - a +0 robe
 m - a +0 pair of boots (worn)
 n - a +2 helmet (worn)
 o - a +0 robe of fire resistance (worn)
Scrolls
 b - a scroll of blinking
 f - a scroll of butterflies {unknown}
 g - a scroll of amnesia {unknown}
 h - a scroll of identify {unknown}
 j - a scroll of torment {unknown}
 l - a scroll of vulnerability {unknown}
 q - a scroll of poison {unknown}
 s - a scroll of enchant weapon {unknown}
Potions
 d - 5 potions of berserk rage {unknown}
 e - 3 potions of curing
 k - 3 potions of heal wounds
 p - a potion of cancellation {unknown}
 r - a potion of might {unknown}


   Skills:
 + Level 6.6 Fighting
 + Level 1.2 Short Blades
 + Level 1.2 Long Blades
 + Level 1.2 Axes
 + Level 1.2 Maces & Flails
 + Level 1.2 Polearms
 + Level 6.6 Staves
 + Level 1.2 Ranged Weapons
 + Level 1.2 Throwing
 + Level 1.2 Armour
 + Level 2.8 Dodging
 + Level 1.2 Stealth
 + Level 1.2 Shields
 + Level 1.2 Unarmed Combat
 + Level 3.0 Spellcasting
 + Level 2.3 Conjurations
 + Level 1.0 Hexes
 + Level 1.0 Summonings
 + Level 1.0 Necromancy
 + Level 1.0 Translocations
 + Level 1.0 Transmutations
 + Level 1.0 Fire Magic
 + Level 1.0 Ice Magic
 + Level 1.0 Air Magic
 + Level 1.0 Earth Magic
 + Level 1.0 Poison Magic
 + Level 1.3 Invocations
 + Level 2.8 Evocations
 + Level 1.0 Shapeshifting


You had 8 spell levels left.
You knew the following spells:

 Your Spells              Type           Power      Damage    Failure   Level
a - Foxfire               Conj/Fire      20%        2x1d5     12%         1

Your spell library contained the following spells:

 Spells                   Type           Power      Damage    Failure   Level
 Slow                     Hex            16%        N/A       16%         1
 Hailstorm                Conj/Ice       5%         3d4       36%         3
 Mephitic Cloud           Conj/Pois/Air  5%         N/A       38%         3
 Confusing Touch          Hex            4%         N/A       43%         3
 Vampiric Draining        Necr           4%         2d6       43%         3
 Summon Ice Beast         Ice/Summ       4%         N/A       85%         4
 Simulacrum               Ice/Necr       2%         N/A       100%        6


Dungeon Overview and Level Annotations

Branches:
Dungeon (3/15)

Altars:

Shops:
D:1 :   D:2 =!:(


Innate Abilities, Weirdness & Mutations

You have very sharp teeth.
Your uncanny sense of smell can sniff out nearby items.
Your experience applies equally to all skills.


Message History

a +0 club; 2 boomerangs An orc comes into view.
It is wielding a +0 trident.
An orc is nearby!
An orc and an orc priest come into view.
The orc shouts!
The orc priest shouts!
The orc shouts!
You hear a shout!
An orc comes into view. It is wielding a +1 mace of draining.
An orc comes into view. It is wielding a +0 hand axe.
The orc shouts!
The orc hits you but does no damage.
The orc hits you with a +1 mace of draining.
You feel drained. The orc priest misses you.
There is an escape hatch in the floor here.
You hit the orc priest.
The orc priest is lightly wounded.
The orc barely misses you.
The orc hits you with a +1 mace of draining.
You feel drained.
The orc priest mumbles some strange prayers to Beogh against you.
Beogh smites you!
You are too injured to fight recklessly!
You are too injured to fight recklessly!
You are too injured to fight recklessly!
You are too injured to fight recklessly!
You are too injured to fight recklessly!
You are too injured to fight recklessly!
You are too injured to fight recklessly!
You are too injured to fight recklessly!
You are too injured to fight recklessly!
You are too injured to fight recklessly!
You barely miss the orc priest.
The orc priest is lightly wounded.
The orc closely misses you. x2; The orc misses you.
The orc priest hits you with a +0 war axe.
* * * LOW HITPOINT WARNING * * *
Blink to where?
Press: ? - help, Dir - move target
As you read the scroll of blinking, it crumbles to dust.
The orc priest calls down the wrath of Beogh upon you.
Beogh smites you!
You die...

#........ .#.#
#.......# ..#
###...#$#####.#
.............## .
###...)..oo..## ..
......#†###oo..#.#
####. #....o....#
# #####.<..##
#<@..## #......#
#....#.# ##.#.#...
......... #.#####
# #.# #.#


You could see an orc priest and 4 orcs.

Vanquished Creatures
  2 adders (D:2)
  3 gnolls (D:2)
  An orc (D:3)
  8 ball pythons
  5 bats
  4 endoplasms
  A giant cockroach (D:2)
  A goblin (D:1)
  2 hobgoblins (D:1)
  5 kobolds (D:2)
  5 quokkas
  4 frilled lizards
  7 rats
48 creatures vanquished.

Vanquished Creatures (others)
  54 foxfires
54 creatures vanquished.

Grand Total: 102 creatures vanquished

Notes
Turn   | Place    | Note
-------+----------+-------------------------------------------
     0 | D:1      | arthad the Gnoll Wanderer began the quest for the Orb.
     0 | D:1      | arthad set off with the following items: a +3 quarterstaff,
                  | a scroll of blinking, a +0 robe; and the following spell
                  | memorised: Foxfire; and the following spells available to
                  | memorise: Mephitic Cloud.
     0 | D:1      | Reached XP level 1. HP: 23/23 MP: 4/4
   232 | D:1      | Reached XP level 2. HP: 29/29 MP: 2/5
   886 | D:1      | Found Ragew's Book Emporium.
  1294 | D:2      | Found Qocaez's Book Shop.
  1374 | D:2      | Found Istraun's Distillery.
  1390 | D:2      | Bought a potion of heal wounds for 55 gold pieces
  1390 | D:2      | Bought a potion of curing for 33 gold pieces
  1396 | D:2      | Reached XP level 3. HP: 35/35 MP: 7/7
  1401 | D:2      | Reached skill level 1 in Invocations
  1408 | D:2      | Reached skill level 1 in Short Blades
  1408 | D:2      | Reached skill level 1 in Long Blades
  1408 | D:2      | Reached skill level 1 in Axes
  1408 | D:2      | Reached skill level 1 in Maces & Flails
  1408 | D:2      | Reached skill level 1 in Polearms
  1408 | D:2      | Reached skill level 1 in Ranged Weapons
  1408 | D:2      | Reached skill level 1 in Throwing
  1408 | D:2      | Reached skill level 1 in Armour
  1408 | D:2      | Reached skill level 1 in Stealth
  1408 | D:2      | Reached skill level 1 in Shields
  1408 | D:2      | Reached skill level 1 in Unarmed Combat
  1541 | D:2      | Found Wakemel's Weapon Boutique.
  1720 | D:2      | Found Buopn's Jewellery Shop.
  1827 | D:2      | Reached XP level 4. HP: 41/41 MP: 8/8
  2151 | D:2      | Reached skill level 1 in Hexes
  2151 | D:2      | Reached skill level 1 in Summonings
  2151 | D:2      | Reached skill level 1 in Necromancy
  2151 | D:2      | Reached skill level 1 in Translocations
  2151 | D:2      | Reached skill level 1 in Transmutations
  2151 | D:2      | Reached skill level 1 in Fire Magic
  2151 | D:2      | Reached skill level 1 in Ice Magic
  2151 | D:2      | Reached skill level 1 in Air Magic
  2151 | D:2      | Reached skill level 1 in Earth Magic
  2151 | D:2      | Reached skill level 1 in Poison Magic
  2151 | D:2      | Reached skill level 1 in Shapeshifting
  2340 | D:3      | Killed from afar by an orc priest

Illustrated notes

Levels and vault maps discovered:
D:1:      scummos_arrival_hexagon, layout_loops_corners, serial_shops,
          nicolae_shop_waterfront
D:2:      minmay_razor_zed, layout_loops_ring, serial_shops,
          nicolae_shop_industrial_runoff, nicolae_shop_hallway_stairs,
          nicolae_shop_tiny_waterfront, nicolae_shop_tiny_real_fake_doors,
          minmay_strange_pillars
D:3:      layout_loops_ring, uniq_terence

Skill      XL: |  1  2  3  4 |
---------------+-------------+-----
Conjurations   | 2 |  2.3
Invocations    | 1 |  1.3
Short Blades   | 1 |  1.2
Long Blades    | 1 |  1.2
Axes           | 1 |  1.2
Maces & Flails | 1 |  1.2
Polearms       | 1 |  1.2
Ranged Weapons | 1 |  1.2
Throwing       | 1 |  1.2
Armour         | 1 |  1.2
Stealth        | 1 |  1.2
Shields        | 1 |  1.2
Unarmed Combat | 1 |  1.2
Spellcasting   | 3 |  3.0
Hexes          | 1 |  1.0
Summonings     | 1 |  1.0
Necromancy     | 1 |  1.0
Translocations | 1 |  1.0
Transmutations | 1 |  1.0
Fire Magic     | 1 |  1.0
Ice Magic      | 1 |  1.0
Air Magic      | 1 |  1.0
Earth Magic    | 1 |  1.0
Poison Magic   | 1 |  1.0
Shapeshifting  | 1 |  1.0
Fighting       | |  6.6
Staves         | |  6.6
Dodging        | |  2.8
Evocations     | |  2.8

Action                     |  1- 3 |  4- 6 || total
---------------------------+-------+-------++-------
  Melee: Quarterstaff      |    26 |    45 ||    71
         Bite              |     2 |     3 ||     5
   Cast: Foxfire           |    31 |     1 ||    32
    Use: Scroll            |       |     1 ||     1
   Stab: Sleeping          |     1 |     2 ||     3
 Armour: Robe              |     2 |    27 ||    29
  Dodge: Dodged            |     8 |    41 ||    49

Table legend: (Time is in decaauts)
 A = Elapsed time spent in this place.
 B = Non-inter-level travel time spent in this place.
 C = Inter-level travel time spent in this place.
 D = Time resting spent in this place.
 E = Time spent auto-exploring this place.
 F = Levels seen in this place.
 G = Mean time per level.
                   A        B        C        D        E       F      G
               +--------+--------+--------+--------+--------+-----+--------+
         Total |   2338 |   2211 |    127 |      0 |   1933 |   3 |  779.3 |
       Dungeon |   2338 |   2211 |    127 |      0 |   1933 |   3 |  779.3 |
               +--------+--------+--------+--------+--------+-----+--------+

Top non-repeatable levels by time:
     D:1: 1274 daAuts
     D:2: 1012 daAuts
     D:3: 51 daAuts
